cohdb
Replays
Latest Replays
All Replays
Popular Replays
Top Player Replays
Match Explorer
How It Works
Community
CoH3 Stats
Reddit
Sign in to upload your games and track your stats! →
Sign in with Steam
Match 43029302
Unlisted
Match 43029302
Overview
Messages
Build Orders
End
Selects Heavy Weapons
Engineer Squad
Engineer Squad
Construct Weapon Support Center
M1919 Machine Gun Team
Bazooka Squad
Mechanized Support Center
M3 Armored Personnel Carrier
Engineer Squad
Selects Assault Carriers
Construct Medical Station
Designate Forward Repair Station
Selects M2HB .50cal Heavy Machine Gun
M1919 Machine Gun Team
Dahlian
Random_Target
Bass
just a chill world leader ♡
MrLift
Matt L. Z
Play4Fun
Fox_Off
0
0
Comments
sign in to comment!
No comments posted yet!